 Dungeon Crawl Stone Soup version 0.28.0-53-g5a82cb258f (webtiles) character file.

Game seed: 15827416081534020135

109 buhh the Vexing (level 5, -2/39 HPs)
             Began as a Formicid Arcane Marksman on June 19, 2022.
             Slain by an iguana (8 damage)
             ... on level 4 of the Dungeon.
             The game lasted 00:05:49 (3668 turns).

buhh the Vexing (Formicid Arcane Marksman)          Turns: 3668, Time: 00:05:50

Health: -2/39      AC:  0    Str: 15    XL:     5   Next: 13%
Magic:  7/8        EV: 12    Int: 14    God:
Gold:   98         SH:  0    Dex: 11    Spells: 1/8 levels left

rFire   . . .      SeeInvis +   a - +0 hand crossbow
rCold   . . .      Faith    .   (no shield)
rNeg    . . .      Spirit   .   (no armour)
rPois   .          Reflect  .   (helmet unavailable)
rElec   .          Harm     .   (no cloak)
rCorr   .          Rampage  .   (no gloves)
Will    .....                   (no boots)
Stlth   ++........              (no amulet)
HPRegen 0.13/turn               n - ring of wizardry
MPRegen 0.11/turn               (no ring)

@: no status effects
A: permanent stasis, dig shafts and tunnels, antennae 3, four strong arms
a: Dig, Shaft Self


You were on level 4 of the Dungeon.
You visited 1 branch of the dungeon, and saw 4 of its levels.

You collected 98 gold pieces.

Inventory:

Hand Weapons
 a - a +0 hand crossbow (weapon)
 b - a +3 dagger of venom
 h - a +0 short sword
Missiles
 c - 70 bolts (quivered ammo)
 p - a throwing net {!f}
Armour
 d - a +0 robe
 E - a +0 troll leather armour
Jewellery
 n - a ring of wizardry (left hand)
Wands
 F - a wand of iceblast (4)
Scrolls
 f - 4 scrolls of identify {unknown}
 i - a scroll of amnesia {unknown}
 l - a scroll of magic mapping {unknown}
 m - a scroll of teleportation {unknown}
Potions
 e - 3 potions of curing {unknown}
 g - a potion of experience {unknown}
 j - a potion of might {unknown}
 k - 2 potions of haste {unknown}
 o - 2 potions of attraction {unknown}


   Skills:
 * Level 2.4 Fighting
 * Level 2.8 Crossbows
 - Level 1.7 Dodging
 * Level 2.3 Stealth
 - Level 2.0 Spellcasting
 * Level 4.3 Hexes


You had one spell level left.
You knew the following spells:

 Your Spells              Type           Power      Damage    Failure   Level
a - Slow                  Hex            52%        N/A       1%          1
b - Inner Flame           Hex/Fire       7%         N/A       12%         3
c - Portal Projectile     Hex/Tloc       14%        N/A       12%         3

Your spell library contained the following spells:

 Spells                   Type           Power      Damage    Failure   Level
 Sting                    Tmut/Pois      4%         1d3       10%         1
 Poisonous Vapours        Pois/Air       2%         N/A       14%         2
 Cause Fear               Hex            6%         N/A       16%         4
 Olgreb's Toxic Radiance  Pois           1%         N/A       65%         4


Dungeon Overview and Level Annotations

Branches:
Dungeon (4/15)
 Temple: D:4-7

Altars:
Kikubaaqudgha

Shops:
D:4 (!


Innate Abilities, Weirdness & Mutations

You cannot be hasted, slowed, berserked, paralysed or teleported.
You can dig through walls and to a lower floor.
You have a pair of large antennae on your head. (SInv)
Your four strong arms can wield two-handed weapons with a shield.


Message History

An iguana comes into view.
Your +3 dagger of venom stops dripping with poison.
a - a +0 hand crossbow (weapon)
You shoot a bolt. The bolt hits the iguana.
The iguana hisses angrily.
The iguana is moderately wounded.
You shoot a bolt. The bolt hits the iguana.
The iguana is heavily wounded.
You shoot a bolt. The bolt barely misses the iguana.
You shoot a bolt. The bolt closely misses the iguana.
Casting: Slow (safe; 1% risk of failure)
Confirm with . or Enter, or press ? or * to list all spells.
Aiming: Slow (safe; 1% risk of failure)
Press: ? - help, Shift-Dir - straight line, f/p - iguana
Aim: an iguana (heavily wounded, chance to affect: 61%)
The iguana seems to slow down.
The iguana bites you!
You shoot a bolt.
The bolt hits the iguana but does no damage.
The iguana is heavily wounded.
The iguana bites you!
You are too injured to fight recklessly!
Fire: 73 bolts
Press: ? - help, Q - select action, (/) - cycle Shift-Dir - straight line, f/p - iguana
Aim: an iguana (heavily wounded, slow, 65% to hit)
You shoot a bolt. The bolt hits the iguana.
The iguana is heavily wounded.
The iguana bites you!
* * * LOW HITPOINT WARNING * * *
Fire: 72 bolts
Press: ? - help, Q - select action, (/) - cycle Shift-Dir - straight line, f/p - iguana
Aim: an iguana (heavily wounded, slow, 65% to hit)
You shoot a bolt. The bolt hits the iguana.
The iguana is severely wounded.
The iguana closely misses you.
Fire: 71 bolts
Press: ? - help, Q - select action, (/) - cycle Shift-Dir - straight line, f/p - iguana
Aim: an iguana (severely wounded, slow, 65% to hit)
You shoot a bolt. The bolt closely misses the iguana.
The iguana bites you!
You die...

#### ..(####
#........
#.(#######
#..#$....#.
#.(#..$$.#.
####(.#.._..#.
#..l..#..$..#....##
#.@...#...$.#......
#.....###+###......
#####.............#
#....#.#.#.....#
#....+...+8...8.
#....#.###.....#
#...........<...
######.#.......#
#.######8...∩...8#


You could see an iguana (slow).

Vanquished Creatures
  2 adders
  2 worms
  A dart slug (D:1)
  2 ball pythons
  7 endoplasms
  3 giant cockroaches (D:1)
  10 hobgoblins
  10 jackals
  8 kobolds
  5 quokkas
  8 bats
  3 frilled lizards
  7 goblins
  8 rats
76 creatures vanquished.

Notes
Turn   | Place    | Note
-------+----------+-------------------------------------------
     0 | D:1      | buhh the Formicid Arcane Marksman began the quest for the
                  | Orb.
     0 | D:1      | Reached XP level 1. HP: 15/15 MP: 2/2
   106 | D:1      | Reached XP level 2. HP: 18/21 MP: 3/3
   363 | D:1      | Reached XP level 3. HP: 26/26 MP: 5/5
   477 | D:1      | You fall into a shaft and drop 1 floor!
   515 | D:1      | Reached skill level 4 in Hexes
  1320 | D:2      | Reached XP level 4. HP: 23/33 MP: 6/6
  2279 | D:2      | Found a faded altar of an unknown god.
  2977 | D:3      | Reached XP level 5. HP: 37/39 MP: 8/8
  3117 | D:3      | Learned a level 3 spell: Inner Flame
  3121 | D:3      | Learned a level 3 spell: Portal Projectile
  3619 | D:4      | Found Amoffaoc's Antique Weapon Shoppe.
  3621 | D:4      | Found Toryor's Distillery.
  3650 | D:4      | Found an ancient bone altar of Kikubaaqudgha.
  3668 | D:4      | Slain by an iguana

Illustrated notes

Levels and vault maps discovered:
D:1:      lightli_arrival_noodles, layout_loops_ring
D:2:      layout_loops_cross, shapermc_ecumenical_altar_notcrosses,
          minivault_14, minmay_misc_feat_four_crosses, hangedman_decor_push
D:3:      layout_loops_ring, minmay_misc_feat_rows
D:4:      layout_basic, amcnicky_altar_gilded, serial_shops,
          nicolae_stop_n_shop_1, shop, nicolae_shop_behind_doors,
          nicolae_shop_stone, kennysheep_mini, uniq_eustachio

Skill      XL: |  1  2  3  4 |
---------------+-------------+-----
Stealth        | 1 2 |  2.3
Hexes          | 4 |  4.3
Fighting       | 2 |  2.4
Spellcasting   | 2 |  2.0
Crossbows      | |  2.8
Dodging        | |  1.7

Action                   |  1- 3 |  4- 6 || total
-------------------------+-------+-------++-------
Melee: Dagger            |    47 |    94 ||   141
       Short sword       |    11 |       ||    11
       Punch             |       |     2 ||     2
 Fire: Hand crossbow     |    42 |     8 ||    50
 Cast: Slow              |     1 |     1 ||     2
 Stab: Sleeping          |     2 |     2 ||     4
Armor: Robe              |    16 |    15 ||    31
Dodge: Dodged            |    61 |    61 ||   122
